| TOP OF THE 1ST |
|
Greeneville Astros batting - Pitching for Seattle (APP) Mariners : RHP Jamie Riley
|
|
Pitching: RHP Jamie Riley
|
|
|
Batting: SHB Miguel Sierra
|
0-0: Ball 1-0: Ground out 1-3 (Groundball, 13S, EV 75.6 MPH)
|
|
Batting: RHB Russ Greer
|
0-0: Ground out 5-3 (Groundball, 56S, EV 74.4 MPH)
|
|
Batting: LHB Daigo Ishii
|
0-0: Foul Ball, location: 2F 0-1: SINGLE (Line Drive, 9S, EV 98.1 MPH)
|
|
Batting: RHB Erik Smith
|
0-0: Ball 1-0: Foul Ball, location: 2F 1-1: Ball 2-1: Foul Ball, location: 2F 2-2: Strikes out swinging
|
| Top of the 1st over - 0 runs, 1 hit, 0 errors, 1 left on base; Greeneville 0 - Seattle (APP) 0 |
| BOTTOM OF THE 1ST |
|
Seattle (APP) Mariners batting - Pitching for Greeneville Astros : RHP Josh Willig
|
|
Pitching: RHP Josh Willig
|
|
|
Batting: RHB Heihachiro Fujita
|
0-0: Ball 1-0: Called Strike 1-1: Swinging Strike 1-2: Foul Ball, location: 2F 1-2: Fly out, F5 (Popup, 25F, EV 82.5 MPH)
|
|
Batting: SHB Carlos Luna
|
0-0: Ball 1-0: Called Strike 1-1: Foul Ball, location: 2F 1-2: Foul Ball, location: 2F 1-2: Ground out 3-1 (Groundball, 34, EV 103.8 MPH)
|
|
Batting: RHB Ivan Davila
|
0-0: Ball 1-0: Foul Ball, location: 2F 1-1: Ball 2-1: Ball 3-1: SINGLE (Groundball, 4, EV 105.6 MPH)
|
|
Batting: RHB Kinzo Yokoyama
|
0-0: Ground out 4-3 (Groundball, 34D, EV 78.1 MPH)
|
| Bottom of the 1st over - 0 runs, 1 hit, 0 errors, 1 left on base; Greeneville 0 - Seattle (APP) 0 |
| TOP OF THE 2ND |
|
Greeneville Astros batting - Pitching for Seattle (APP) Mariners : RHP Jamie Riley
|
|
Batting: LHB Mark Dearth
|
0-0: Ball 1-0: Foul Ball, location: 2F 1-1: Ball 2-1: Ball 3-1: Swinging Strike 3-2: Strikes out swinging
|
|
Batting: RHB Yoshitoshi Mori
|
0-0: Ball 1-0: Ball 2-0: Called Strike 2-1: Ball 3-1: Base on Balls
|
|
Batting: RHB Keith Goodwin
|
0-0: Called Strike 0-1: Grounds into double play, 6-4-3 (Groundball, 6, EV 103.1 MPH)
|
| Top of the 2nd over - 0 runs, 0 hits, 0 errors, 0 left on base; Greeneville 0 - Seattle (APP) 0 |
| BOTTOM OF THE 2ND |
|
Seattle (APP) Mariners batting - Pitching for Greeneville Astros : RHP Josh Willig
|
|
Batting: SHB Frank Amato
|
0-0: Fly out, F7 (Flyball, 7D, EV 93.1 MPH)
|
|
Batting: RHB Danny Pujols
|
0-0: SINGLE (Groundball, 3D, EV 105.0 MPH)
|
|
Batting: RHB Jim Begger
|
0-0: Fielders Choice at 2nd, 6-4 (Groundball, 6, EV 90.6 MPH)
|
|
Batting: RHB Jwahir Pili
|
0-0: Called Strike 0-1: Ball 1-1: Ball Wild Pitch! Jim Begger to second 2-1: Called Strike 2-2: Strikes out swinging
|
| Bottom of the 2nd over - 0 runs, 1 hit, 0 errors, 1 left on base; Greeneville 0 - Seattle (APP) 0 |
| TOP OF THE 3RD |
|
Greeneville Astros batting - Pitching for Seattle (APP) Mariners : RHP Jamie Riley
|
|
Batting: RHB Gabe Allen
|
0-0: Called Strike 0-1: Ball 1-1: Ball 2-1: Ball 3-1: Foul Ball, location: 2F 3-2: SOLO HOME RUN (Flyball, 78XD, EV 106.2 MPH), Distance : 399 ft
|
|
Batting: RHB Roger Pelley
|
0-0: Called Strike 0-1: Ball 1-1: Ball 2-1: Ball 3-1: Base on Balls
|
|
Batting: SHB Miguel Sierra
|
0-0: Called Strike 0-1: Ball 1-1: Grounds out, U3 (Groundball, 3L, EV 107.5 MPH)
|
|
Batting: RHB Russ Greer
|
0-0: Called Strike 0-1: Called Strike 0-2: Foul Ball, location: 2F 0-2: Foul Ball, location: 2F 0-2: Strikes out swinging
|
|
Batting: LHB Daigo Ishii
|
0-0: Ball 1-0: Swinging Strike 1-1: Swinging Strike 1-2: Strikes out swinging
|
| Top of the 3rd over - 1 run, 1 hit, 0 errors, 1 left on base; Greeneville 1 - Seattle (APP) 0 |
| BOTTOM OF THE 3RD |
|
Seattle (APP) Mariners batting - Pitching for Greeneville Astros : RHP Josh Willig
|
|
Batting: RHB David Greene
|
0-0: Ball 1-0: Called Strike 1-1: Called Strike 1-2: Strikes out looking
|
|
Batting: RHB Heihachiro Fujita
|
0-0: Ball 1-0: Ball 2-0: Called Strike 2-1: Ball 3-1: Base on Balls
|
|
Batting: SHB Carlos Luna
|
0-0: Ball 1-0: Ball 2-0: Called Strike 2-1: Ball 3-1: Foul Ball, location: 2F 3-2: Base on Balls Heihachiro Fujita to second
|
|
Batting: RHB Ivan Davila
|
0-0: Called Strike Heihachiro Fujita steals 3rd base 0-1: Ball 1-1: Fielders Choice at 2nd, 6-4 (Groundball, 56D, EV 92.5 MPH) Heihachiro Fujita scores
|
|
Batting: RHB Kinzo Yokoyama
|
0-0: Called Strike 0-1: Ball 1-1: Fly out, F9 (Flyball, 9, EV 90.6 MPH)
|
| Bottom of the 3rd over - 1 run, 0 hits, 0 errors, 1 left on base; Greeneville 1 - Seattle (APP) 1 |
| TOP OF THE 4TH |
|
Greeneville Astros batting - Pitching for Seattle (APP) Mariners : RHP Jamie Riley
|
|
Batting: RHB Erik Smith
|
0-0: Ball 1-0: Ball 2-0: Called Strike 2-1: Called Strike 2-2: Foul Ball, location: 2F 2-2: Ball 3-2: Foul Ball, location: 2F 3-2: Foul Ball, location: 2F 3-2: Foul Ball, location: 2F 3-2: Base on Balls
|
|
Batting: LHB Mark Dearth
|
0-0: Called Strike 0-1: Foul Ball, location: 2F 0-2: Strikes out swinging
|
|
Batting: RHB Yoshitoshi Mori
|
0-0: Called Strike 0-1: Swinging Strike 0-2: Ball 1-2: Ball 2-2: Ball 3-2: Fly out, F7 (Flyball, 7LM, EV 103.1 MPH)
|
|
Batting: RHB Keith Goodwin
|
0-0: Called Strike 0-1: Ball 1-1: Fly out, F9 (Flyball, 9S, EV 84.4 MPH)
|
| Top of the 4th over - 0 runs, 0 hits, 0 errors, 1 left on base; Greeneville 1 - Seattle (APP) 1 |
| BOTTOM OF THE 4TH |
|
Seattle (APP) Mariners batting - Pitching for Greeneville Astros : RHP Josh Willig
|
|
Batting: SHB Frank Amato
|
0-0: Ball 1-0: Called Strike 1-1: Foul Ball, location: 2F 1-2: Ball 2-2: Foul Ball, location: 2F 2-2: Strikes out swinging
|
|
Batting: RHB Danny Pujols
|
0-0: Ball 1-0: Called Strike 1-1: Fly out, F9 (Flyball, 89S, EV 85.0 MPH)
|
|
Batting: RHB Jim Begger
|
0-0: Ground out 5-3 (Groundball, 5, EV 82.5 MPH)
|
| Bottom of the 4th over - 0 runs, 0 hits, 0 errors, 0 left on base; Greeneville 1 - Seattle (APP) 1 |
| TOP OF THE 5TH |
|
Greeneville Astros batting - Pitching for Seattle (APP) Mariners : RHP Jamie Riley
|
|
Batting: RHB Gabe Allen
|
0-0: Ball 1-0: Ball 2-0: DOUBLE (Line Drive, 78D, EV 108.1 MPH)
|
|
Batting: RHB Roger Pelley
|
0-0: Ball 1-0: Ball 2-0: Called Strike 2-1: Ball 3-1: Foul Ball, location: 2F 3-2: Base on Balls
|
|
Pitching: RHP Frank Cabrera
|
|
|
Batting: SHB Miguel Sierra
|
0-0: Hit by Pitch Gabe Allen to third Roger Pelley to second
|
|
Batting: RHB Russ Greer
|
0-0: Foul Ball, location: 2F 0-1: Ball 1-1: Ball 2-1: DOUBLE (Line Drive, 7LM, EV 95.0 MPH) Gabe Allen scores Roger Pelley scores Miguel Sierra to third Runner from 3rd tries for Home, SAFE, no throw by LF
|
|
Batting: LHB Daigo Ishii
|
0-0: Called Strike 0-1: DOUBLE (Line Drive, 9LS, EV 100.0 MPH) Russ Greer scores
|
|
Batting: RHB Erik Smith
|
0-0: Called Strike 0-1: Ball 1-1: SINGLE (Line Drive, 78S, EV 97.5 MPH) Daigo Ishii to third
|
|
Batting: LHB Mark Dearth
|
0-0: Ball 1-0: Ball 2-0: Called Strike 2-1: Foul Ball, location: 2F 2-2: Ball 3-2: DOUBLE (Line Drive, 5D, EV 95.0 MPH) Daigo Ishii scores Erik Smith to third
|
|
Batting: RHB Yoshitoshi Mori
|
0-0: SINGLE (Groundball, P, EV 90.0 MPH) (infield hit) Erik Smith scores Mark Dearth to third
|
|
Pitching: RHP Rickey DuMire
|
|
|
Batting: RHB Keith Goodwin
|
0-0: Called Strike 0-1: Foul Ball, location: 2F 0-2: Ball 1-2: Ball 2-2: Strikes out looking
|
|
Batting: RHB Gabe Allen
|
0-0: Ball 1-0: Foul Ball, location: 2F 1-1: Ball 2-1: Foul Ball, location: 2F 2-2: SINGLE (Groundball, 56D, EV 96.2 MPH) Mark Dearth scores Yoshitoshi Mori to second
|
|
Batting: RHB Roger Pelley
|
0-0: Called Strike 0-1: Ball 1-1: Fly out, F9 (Flyball, 9, EV 83.8 MPH)
|
|
Batting: SHB Miguel Sierra
|
0-0: Ball 1-0: Ball Wild Pitch! Yoshitoshi Mori to third Gabe Allen to second 2-0: Called Strike 2-1: Ball 3-1: Swinging Strike 3-2: Foul Ball, location: 2F 3-2: Base on Balls
|
|
Pitching: RHP Bill Porter
|
|
|
Batting: RHB Russ Greer
|
0-0: Ball Wild Pitch! Yoshitoshi Mori scores Gabe Allen to third Miguel Sierra to second 1-0: Foul Ball, location: 2F 1-1: Swinging Strike 1-2: Foul Ball, location: 2F 1-2: Strikes out swinging
|
| Top of the 5th over - 8 runs, 7 hits, 0 errors, 2 left on base; Greeneville 9 - Seattle (APP) 1 |
| BOTTOM OF THE 5TH |
|
Seattle (APP) Mariners batting - Pitching for Greeneville Astros : RHP Josh Willig
|
|
Batting: RHB Jwahir Pili
|
0-0: TRIPLE (Flyball, 78XD, EV 98.1 MPH)
|
|
Batting: RHB David Greene
|
0-0: Foul Ball, location: 2F 0-1: Foul Ball, location: 2F 0-2: Strikes out swinging
|
|
Batting: RHB Heihachiro Fujita
|
0-0: Ball 1-0: Foul Ball, location: 2F 1-1: Ground out 4-3 (Groundball, 34, EV 85.6 MPH) Jwahir Pili scores
|
|
Batting: SHB Carlos Luna
|
0-0: Ball 1-0: Called Strike 1-1: Foul Ball, location: 2F 1-2: Fly out, F9 (Flyball, 89M, EV 91.9 MPH)
|
| Bottom of the 5th over - 1 run, 1 hit, 0 errors, 0 left on base; Greeneville 9 - Seattle (APP) 2 |
| TOP OF THE 6TH |
|
Greeneville Astros batting - Pitching for Seattle (APP) Mariners : RHP Bill Porter
|
|
Batting: LHB Daigo Ishii
|
0-0: Called Strike 0-1: Swinging Strike 0-2: Foul Ball, location: 2F 0-2: Strikes out swinging
|
|
Batting: RHB Erik Smith
|
0-0: Ball 1-0: Ball 2-0: Foul Ball, location: 2F 2-1: Ball 3-1: Base on Balls
|
|
Batting: LHB Mark Dearth
|
0-0: Ball 1-0: Ball 2-0: Called Strike 2-1: Reached via error on a dropped throw from 3B, E3 (Groundball, 56S, EV 63.8 MPH) Erik Smith to second
|
|
Pitching: LHP Chris Wheeler
|
|
|
Batting: RHB Yoshitoshi Mori
|
0-0: Foul Ball, location: 2F 0-1: Foul Ball, location: 2F 0-2: Ball 1-2: Ball Wild Pitch! Erik Smith to third Mark Dearth to second 2-2: Ball 3-2: Base on Balls
|
|
Batting: RHB Keith Goodwin
|
0-0: Ball 1-0: Ball 2-0: Called Strike 2-1: Ball 3-1: Foul Ball, location: 2F 3-2: Foul Ball, location: 2F 3-2: GRAND SLAM HOME RUN (Flyball, 89XD, EV 100.0 MPH), Distance : 420 ft
|
|
Batting: RHB Gabe Allen
|
0-0: Ball 1-0: Foul Ball, location: 2F 1-1: Swinging Strike 1-2: Foul Ball, location: 2F 1-2: SINGLE (Flyball, 3D, EV 95.0 MPH)
|
|
Pitching: RHP Victor Rosas
|
|
|
Batting: RHB Roger Pelley
|
0-0: Reached on error, E6 (Groundball, 6S, EV 73.8 MPH) Gabe Allen to second
|
|
Batting: SHB Miguel Sierra
|
0-0: Ball 1-0: Called Strike 1-1: Fielders Choice at 2nd, 5-4 (Groundball, 5S, EV 76.9 MPH) Gabe Allen to third
|
|
Batting: RHB Russ Greer
|
0-0: 3-RUN HOME RUN (Flyball, 7D, EV 96.9 MPH), Distance : 373 ft
|
|
Batting: LHB Daigo Ishii
|
0-0: Ball 1-0: Ball 2-0: Foul Ball, location: 2F 2-1: Ball 3-1: Base on Balls
|
|
Batting: RHB Erik Smith
|
0-0: Ball 1-0: Ball 2-0: Called Strike 2-1: Swinging Strike 2-2: Ball 3-2: Strikes out swinging
|
| Top of the 6th over - 7 runs, 3 hits, 2 errors, 1 left on base; Greeneville 16 - Seattle (APP) 2 |
| BOTTOM OF THE 6TH |
|
Seattle (APP) Mariners batting - Pitching for Greeneville Astros : RHP Josh Willig
|
|
Batting: RHB Ivan Davila
|
0-0: Ball 1-0: Ball 2-0: Ball 3-0: Called Strike 3-1: Ground out 4-3 (Groundball, 4S, EV 91.9 MPH)
|
|
Batting: RHB Kinzo Yokoyama
|
0-0: Ball 1-0: Ball 2-0: Foul Ball, location: 2F 2-1: Foul Ball, location: 2F 2-2: Fly out, F6 (Line Drive, 6, EV 66.9 MPH)
|
|
Batting: SHB Frank Amato
|
0-0: Called Strike 0-1: Foul Ball, location: 2F 0-2: Ground out U3 (Groundball, 3, EV 109.4 MPH)
|
| Bottom of the 6th over - 0 runs, 0 hits, 0 errors, 0 left on base; Greeneville 16 - Seattle (APP) 2 |
| TOP OF THE 7TH |
|
Greeneville Astros batting - Pitching for Seattle (APP) Mariners : RHP Victor Rosas
|
|
Batting: LHB Mark Dearth
|
0-0: Called Strike 0-1: Ball 1-1: Swinging Strike 1-2: Ground out 6-3 (Groundball, 6, EV 83.8 MPH)
|
|
Batting: RHB Yoshitoshi Mori
|
0-0: Ball 1-0: Foul Ball, location: 2F 1-1: Ball 2-1: SINGLE (Groundball, 3, EV 93.8 MPH)
|
|
Batting: RHB Keith Goodwin
|
0-0: Grounds into double play, 4-6-3 (Groundball, 4, EV 85.6 MPH)
|
| Top of the 7th over - 0 runs, 1 hit, 0 errors, 0 left on base; Greeneville 16 - Seattle (APP) 2 |
| BOTTOM OF THE 7TH |
|
Seattle (APP) Mariners batting - Pitching for Greeneville Astros : RHP Josh Willig
|
|
Batting: RHB Danny Pujols
|
0-0: Foul Ball, location: 2F 0-1: Ball 1-1: Ball 2-1: Swinging Strike 2-2: Ball 3-2: Foul Ball, location: 2F 3-2: Foul Ball, location: 2F 3-2: TRIPLE (Flyball, 78XD, EV 106.9 MPH)
|
|
Batting: RHB Jim Begger
|
0-0: Called Strike 0-1: Ball 1-1: Foul Ball, location: 2F 1-2: Foul Ball, location: 2F 1-2: Foul Ball, location: 2F 1-2: Foul Ball, location: 2F 1-2: Foul Ball, location: 2F 1-2: SINGLE (Groundball, 6MD, EV 95.0 MPH) Danny Pujols scores
|
|
Batting: RHB Jwahir Pili
|
0-0: Ball 1-0: Ball 2-0: Ball 3-0: Called Strike 3-1: Base on Balls Jim Begger to second
|
|
Batting: RHB David Greene
|
0-0: Ball 1-0: Swinging Strike 1-1: Ball 2-1: Called Strike 2-2: Fielders Choice at 2nd, 1-6 (Groundball, 13S, EV 65.0 MPH) Jim Begger to third
|
|
Batting: RHB Heihachiro Fujita
|
0-0: Ball 1-0: Called Strike 1-1: Foul Ball, location: 2F 1-2: Strikes out swinging
|
|
Pitching: RHP Kuaika Anakala
|
|
|
Batting: SHB Carlos Luna
|
0-0: Ball 1-0: Ball 2-0: Ground out U3 (Groundball, 34, EV 105.0 MPH)
|
| Bottom of the 7th over - 1 run, 2 hits, 0 errors, 2 left on base; Greeneville 16 - Seattle (APP) 3 |
| TOP OF THE 8TH |
|
Greeneville Astros batting - Pitching for Seattle (APP) Mariners : RHP Victor Rosas
|
|
Batting: RHB Gabe Allen
|
0-0: Ball 1-0: Ball 2-0: Ball 3-0: Base on Balls
|
|
Batting: RHB Roger Pelley
|
0-0: Fly out, F8 (Flyball, 8LD, EV 105.0 MPH)
|
|
Batting: SHB Miguel Sierra
|
0-0: Foul Ball, location: 2F 0-1: Foul Ball, location: 2F 0-2: Ball 1-2: Strikes out swinging
|
|
Pitching: RHP Dave Williams
|
|
|
Batting: RHB Russ Greer
|
0-0: Ball 1-0: Ball 2-0: Foul Ball, location: 2F 2-1: Foul Ball, location: 2F 2-2: 2-RUN HOME RUN (Flyball, 7D, EV 95.6 MPH), Distance : 364 ft
|
|
Batting: LHB Daigo Ishii
|
0-0: Called Strike 0-1: Swinging Strike 0-2: Foul Ball, location: 2F 0-2: Ball 1-2: Strikes out swinging
|
| Top of the 8th over - 2 runs, 1 hit, 0 errors, 0 left on base; Greeneville 18 - Seattle (APP) 3 |
| BOTTOM OF THE 8TH |
|
Seattle (APP) Mariners batting - Pitching for Greeneville Astros : RHP Kuaika Anakala
|
|
Batting: RHB Ivan Davila
|
0-0: Ball 1-0: SOLO HOME RUN (Flyball, 7D, EV 101.2 MPH), Distance : 380 ft
|
|
Batting: RHB Kinzo Yokoyama
|
0-0: Foul Ball, location: 2F 0-1: Foul Ball, location: 2F 0-2: Ball 1-2: Ball 2-2: Foul Ball, location: 2F 2-2: Ball 3-2: Strikes out looking
|
|
Batting: SHB Frank Amato
|
0-0: Ball 1-0: Ball 2-0: Called Strike 2-1: Ball 3-1: Foul Ball, location: 2F 3-2: SOLO HOME RUN (Flyball, 9D, EV 97.5 MPH), Distance : 379 ft
|
|
Batting: RHB Danny Pujols
|
0-0: Ball 1-0: Swinging Strike 1-1: Ball 2-1: Ground out 4-3 (Groundball, 4S, EV 83.1 MPH)
|
|
Batting: RHB Jim Begger
|
0-0: Called Strike 0-1: Foul Ball, location: 2F 0-2: Foul Ball, location: 2F 0-2: Ball 1-2: Foul Ball, location: 2F 1-2: Foul Ball, location: 2F 1-2: Ground out 5-3 (Groundball, 5, EV 85.0 MPH)
|
| Bottom of the 8th over - 2 runs, 2 hits, 0 errors, 0 left on base; Greeneville 18 - Seattle (APP) 5 |
| TOP OF THE 9TH |
|
Greeneville Astros batting - Pitching for Seattle (APP) Mariners : RHP Dave Williams
|
|
Batting: RHB Erik Smith
|
0-0: Called Strike 0-1: Ball 1-1: Ball 2-1: Ball 3-1: Swinging Strike 3-2: Base on Balls
|
|
Batting: LHB Mark Dearth
|
0-0: Called Strike 0-1: Swinging Strike 0-2: Ball 1-2: Ball 2-2: Foul Ball, location: 2F 2-2: Ball 3-2: Foul Ball, location: 2F 3-2: Base on Balls Erik Smith to second
|
|
Pitching: LHP Adam Schmidt
|
|
|
Batting: RHB Yoshitoshi Mori
|
0-0: Ball 1-0: Grounds into double play, 5-4-3 (Groundball, 56S, EV 91.9 MPH) Erik Smith to third
|
|
Batting: RHB Keith Goodwin
|
0-0: Ball 1-0: Ball 2-0: Foul Ball, location: 2F 2-1: Ground out 4-3 (Groundball, 4, EV 88.1 MPH)
|
| Top of the 9th over - 0 runs, 0 hits, 0 errors, 1 left on base; Greeneville 18 - Seattle (APP) 5 |
| BOTTOM OF THE 9TH |
|
Seattle (APP) Mariners batting - Pitching for Greeneville Astros : RHP Kuaika Anakala
|
|
Batting: RHB Jwahir Pili
|
0-0: Swinging Strike 0-1: Ball 1-1: Ground out 5-3 (Groundball, 56S, EV 68.1 MPH)
|
|
Batting: RHB David Greene
|
0-0: Foul Ball, location: 2F 0-1: Ball 1-1: Called Strike 1-2: Strikes out looking
|
|
Batting: RHB Heihachiro Fujita
|
0-0: Ball 1-0: Ball 2-0: Ground out 1-3 (Groundball, 13S, EV 68.8 MPH)
|
| Bottom of the 9th over - 0 runs, 0 hits, 0 errors, 0 left on base; Greeneville 18 - Seattle (APP) 5 |
|